 Dungeon Crawl Stone Soup version 0.31-a0-202-g547052bce9 (webtiles) character file.

Game seed: 5101182477887471829

227 innerfire43 the Trooper (level 5, 0/42 HPs)
             Began as a Demonspawn Monk on June 26, 2023.
             Was a Priest of Makhleb.
             Slain by Pikel
             ... wielding a +1 whip of freezing
              (8 damage)
             ... on level 4 of the Dungeon.
             The game lasted 00:02:51 (2387 turns).

innerfire43 the Trooper (Demonspawn Monk)           Turns: 2387, Time: 00:02:52

Health: 0/42       AC: 12    Str: 13    XL:     5   Next: 70%
Magic:  7/7        EV: 13    Int: 18    God:    Makhleb [***...]
Gold:   107        SH:  0    Dex: 15    Spells: 4/4 levels left

rFire   . . .        a - +0 hand axe
rCold   . . .        d - orb {light}
rNeg    . . .        b - +0 robe
rPois   .            (no helmet)
rElec   .            k - +0 cloak
rCorr   +            (no gloves)
SInv    .            (no boots)
Will    .....        (no amulet)
Stlth   +            i - +6 ring of intelligence
HPRegen 0.27/turn    m - ring of resist corrosion
MPRegen 0.10/turn

%: no passive effects
@: sanguine armoured, glowing
A: hooves 1, sanguine armour 2
a: Renounce Religion, Minor Destruction, Lesser Servant of Makhleb


You were on level 4 of the Dungeon.
You worshipped Makhleb.
Makhleb was most pleased with you.
You visited 1 branch of the dungeon, and saw 4 of its levels.

You collected 107 gold pieces.

Inventory:

Hand Weapons
 a - a +0 hand axe (weapon)
 o - a +0 dagger of flaming
Armour
 b - a +0 robe (worn)
 d - an orb of light (worn)
 k - a +0 cloak (worn)
Jewellery
 i - a +6 ring of intelligence (left hand)
 m - a ring of resist corrosion (right hand)
Wands
 t - a wand of charming (4)
Scrolls
 e - 2 scrolls of blinking {unknown}
 h - 2 scrolls of teleportation {unknown}
 j - 2 scrolls of revelation {unknown}
 l - 3 scrolls of identify {unknown}
 p - 2 scrolls of torment {unknown}
 s - a scroll of immolation {unknown}
Potions
 f - a potion of curing {unknown}
 g - a potion of heal wounds {unknown}
 n - 2 potions of haste {unknown}
 q - a potion of attraction {unknown}
 r - a potion of magic {unknown}


   Skills:
 + Level 4.1 Fighting
 + Level 3.7 Axes
 + Level 3.7 Dodging
 * Level 3.4 Invocations


You had 4 spell levels left.
You didn't know any spells.
Your spell library contained the following spells:

 Spells                   Type           Power      Damage    Failure   Level
 Freeze                   Ice            0%         1d3       22%         1
 Frozen Ramparts          Ice            0%         1d1       54%         3
 Hailstorm                Conj/Ice       0%         3d3       54%         3


Dungeon Overview and Level Annotations

Branches:
Dungeon (4/15)
 Temple: D:4-7

Altars:
Makhleb
Qazlal
Sif Muna

Annotations:
D:4 Pikel


Innate Abilities, Weirdness & Mutations

You have large cloven feet.
When seriously injured, your blood forms thick armour. (AC +9)


Message History

You hit the scorpion zombie but do no damage.
You kick the scorpion zombie, but do no damage.
The scorpion zombie is heavily damaged.
The scorpion zombie hits you but does no damage.
Pikel, Merchant of Souls comes into view.
He is wielding a +1 whip of freezing and wearing a +1 robe of cold resistance.
The orc hits you from afar with a +0 trident.
* * * LOW HITPOINT WARNING * * *
Pikel shouts!
You hit the scorpion zombie but do no damage.
The scorpion zombie is heavily damaged.
The scorpion zombie hits you but does no damage.
The orc closely misses you. The scorpion zombie hits you.
* * * LOW HITPOINT WARNING * * *
The orc hits you but does no damage.
You are confused.
You feel invigorated. The orc hits you but does no damage.
The scorpion zombie hits you but does no damage.
Unknown command.
Found a dagger.
The orc closely misses you. Pikel hits you but does no damage.
The scorpion zombie hits you but does no damage.
Items here: )) [[ †††.
You bump into the rock wall.
The orc hits you but does no damage. Pikel completely misses you.
The scorpion zombie closely misses you.
You bump into the rock wall.
You feel less invigorated.
You feel less confused.
Pikel hits you with a +1 whip of freezing!
Pikel freezes you.
The scorpion zombie hits you but does no damage.
The orc hits you from afar with a +0 trident!
* * * LOW HITPOINT WARNING * * *
You barely miss Pikel. You kick Pikel, but do no damage.
You hit the scorpion zombie. The orc closely misses you.
Pikel barely misses you.
The scorpion zombie hits you but does no damage.
You closely miss Pikel. You hit the scorpion zombie.
The orc hits you but does no damage.
A lemure comes into view.
The scorpion zombie closely misses you.
Pikel hits you with a +1 whip of freezing!
You die...

.^....##.....#...##
########.#.........
#.##.###.... .
##.##......#. ..
###......###.# ...
......#.## #.# ....
......#.####.# .....
............)#ZZ...#
......#.####@ZZZ...#
......#.# #K#o.....
..### #.# #5##..###
. #.# #.# ..# $..
5.. ... #.# #.# ###
#.# #.. #..


You could see Pikel, 2 lemures, an orc, a scorpion zombie, 2 howler monkey
zombies, an adder skeleton and a hound skeleton.

Vanquished Creatures
  A howler monkey (D:4)
  An iguana (D:4)
  2 orc wizards (D:4)
  3 adders
  A worm (D:3)
  2 dart slugs
  8 orcs
  5 endoplasms
  6 giant cockroaches
  4 goblins
  7 hobgoblins
  2 jackals (D:1)
  2 quokkas
  10 ball pythons
  8 bats
  2 frilled lizards
  4 kobolds
  7 rats
75 creatures vanquished.

Notes
Turn   | Place    | Note
-------+----------+-------------------------------------------
     0 | D:1      | innerfire43 the Demonspawn Monk began the quest for the
                  | Orb.
     0 | D:1      | Reached XP level 1. HP: 18/18 MP: 1/1
    85 | D:1      | Gained mutation: You have large cloven feet. [demonic
                  | ancestry]
    85 | D:1      | Reached XP level 2. HP: 11/24 MP: 2/2
   965 | D:2      | Gained mutation: When seriously injured, your blood forms
                  | armour. (AC +9) [demonic ancestry]
   965 | D:2      | Reached XP level 3. HP: 29/29 MP: 3/3
  1336 | D:2      | Found a faded altar of an unknown god.
  1547 | D:2      | Prayed at the altar of an unknown god.
  1547 | D:2      | Became a worshipper of Makhleb the Destroyer
  1547 | D:2      | Reached * piety under Makhleb
  1547 | D:2      | Reached ** piety under Makhleb
  1588 | D:3      | Reached *** piety under Makhleb
  1632 | D:3      | Gained mutation: When seriously injured, your blood forms
                  | thick armour. (AC +9) [demonic ancestry]
  1632 | D:3      | Reached XP level 4. HP: 37/37 MP: 4/4
  1665 | D:3      | Reached skill level 1 in Invocations
  2079 | D:3      | Found a stormy altar of Qazlal.
  2079 | D:3      | Found a shimmering blue altar of Sif Muna.
  2341 | D:4      | Reached XP level 5. HP: 24/42 MP: 6/6
  2342 | D:4      | Reached skill level 4 in Fighting
  2379 | D:4      | Noticed a lemure
  2380 | D:4      | Noticed Pikel
  2387 | D:4      | Noticed a lemure
  2387 | D:4      | Slain by Pikel

Illustrated notes

Levels and vault maps discovered:
D:1:      nzn_arrival_water_spiral, layout_basic
D:2:      layout_basic, shapermc_ecumenical_altar_pompeii
D:3:      layout_rooms, chequers_temple_overflow_statue_of_worship,
          patterned_corridor
D:4:      layout_rooms, gammafunk_temple_overflow_elements, serial_undead,
          serial_undead_c, serial_undead_e, serial_undead_d, serial_undead_c,
          serial_undead_e, serial_undead_c, kennysheep_small_spiral,
          minmay_starry_boxes, uniq_pikel, uniq_robin

Skill      XL: |  1  2  3  4  5 |
---------------+----------------+-----
Axes           | 3 |  3.7
Dodging        | 3 |  3.7
Invocations    | 2 3 |  3.4
Fighting       | 4 |  4.1

Action                     |  1- 3 |  4- 6 || total
---------------------------+-------+-------++-------
  Melee: Hand axe          |    99 |    90 ||   189
         Kick              |    20 |    36 ||    56
    Use: Potion            |       |     1 ||     1
 Armour: Robe              |    17 |    61 ||    78
  Dodge: Dodged            |    77 |   124 ||   201

Table legend: (Time is in decaauts)
 A = Elapsed time spent in this place.
 B = Non-inter-level travel time spent in this place.
 C = Inter-level travel time spent in this place.
 D = Time resting spent in this place.
 E = Time spent auto-exploring this place.
 F = Levels seen in this place.
 G = Mean time per level.
                   A        B        C        D        E       F      G
               +--------+--------+--------+--------+--------+-----+--------+
         Total |   2412 |   2072 |    340 |      0 |   1658 |   4 |  603.0 |
       Dungeon |   2412 |   2072 |    340 |      0 |   1658 |   4 |  603.0 |
               +--------+--------+--------+--------+--------+-----+--------+

Top non-repeatable levels by time:
     D:1: 969 daAuts
     D:3: 717 daAuts
     D:2: 614 daAuts
     D:4: 111 daAuts
